 Dungeon Crawl Stone Soup version 0.32-a0-468-g38b2580584 (webtiles) character file.

Game seed: 15023066342763167220

610 mopl the Ruffian (level 7, -4/46 HPs)
             Began as an Octopode Shapeshifter on Feb 24, 2024.
             Slain by Edmund
             ... wielding a +2 flail of protection
              (9 damage)
             ... on level 4 of the Dungeon.
             The game lasted 00:03:38 (3084 turns).

mopl the Ruffian (Octopode Shapeshifter)            Turns: 3084, Time: 00:03:39

Health: -4/46      AC:  1    Str: 14    XL:     7   Next: 43%
Magic:  7/7        EV: 14    Int: 12    God:
Gold:   139        SH:  0    Dex: 13    Spells: 4/6 levels left

rFire   . . .        b - +3 dagger (venom)
rCold   . . .        (no shield)
rNeg    . . .        (helmet currently unavailable)
rPois   .            (no amulet)
rElec   .            (no ring)
rCorr   .            (no ring)
SInv    .            (no ring)
Will    .....        (no ring)
Stlth   ++           (no ring)
HPRegen 0.27/turn    (no ring)
MPRegen 0.10/turn    (no ring)
                     (no ring)

%: no passive effects
@: beast-form
A: beast (slay +2), almost no armour, amphibious, 8 rings, camouflage 1,
gelatinous body 1, (nimble swimmer 1), tentacles
a: Begin Untransformation


You were on level 4 of the Dungeon.
You were a hulking beast.
You visited 1 branch of the dungeon, and saw 4 of its levels.

You collected 139 gold pieces.

Inventory:

Hand Weapons
 b - a +3 dagger of venom (weapon)
 s - a +2 scythe of venom
Missiles
 f - a throwing net (quivered)
 q - 5 poisoned darts
Armour
 m - a +0 hat
Talismans
 c - a flux talisman
 e - a granite talisman
 n - a beast talisman (active)
Scrolls
 h - a scroll of noise {unknown}
 j - a scroll of teleportation {unknown}
 l - 2 scrolls of poison {unknown}
 o - a scroll of enchant weapon {unknown}
 p - a scroll of identify {unknown}
Potions
 a - 2 potions of lignification {!q}
 d - 2 potions of heal wounds {unknown}
 g - a potion of curing {unknown}
 i - a potion of mutation {unknown}
 k - 2 potions of ambrosia {unknown}
 r - a potion of enlightenment {unknown}


   Skills:
 + Level 3.0 Fighting
 + Level 3.4 Dodging
 * Level 5.0 Unarmed Combat
 + Level 2.3 Translocations
 * Level 4.9 Shapeshifting


You had 4 spell levels left.
You knew the following spells:

 Your Spells              Type           Power      Damage    Failure   Level
e - Blink                 Tloc           10%        N/A       21%         2

Your spell library contained the following spells:

 Spells                   Type           Power      Damage    Failure   Level
 Lesser Beckoning         Tloc           10%        N/A       21%         2
 Momentum Strike          Conj/Tloc      4%         3d8       32%         2
 Gell's Gravitas          Tloc           5%         N/A       36%         3
 Teleport Other           Tloc           5%         N/A       36%         3


Dungeon Overview and Level Annotations

Branches:
Dungeon (4/15)
 Temple: D:4-7

Altars:

Shops:
D:1 :

Annotations:
D:4 Edmund


Innate Abilities, Weirdness & Mutations

You are a hulking beast.
Your limbs bulge with bestial killing power. (Slay +2)
You cannot wear most types of armour.
You are amphibious.
You can wear up to eight rings at the same time.
Your skin changes colour to match your surroundings (Stealth+).
Your rubbery body absorbs attacks. (AC +1, EV +1)
((You are camouflaged when in or above water. (Stealth+)))
You have tentacles for arms and can constrict up to eight enemies at once.


Message History

HP restored.
s - a +2 scythe of venom
Things that are here:
a +0 dagger; a +0 robe; an orc corpse Edmund the Younger comes into view.
He is wielding a +2 flail of protection.
Found an escape hatch in the ceiling.
Your +3 dagger of venom begins to drip with poison!
b - a +3 dagger of venom (weapon)
Edmund shouts!
You hit Edmund.
Edmund is poisoned.
Your grab misses Edmund. Your squeeze misses Edmund.
Edmund is lightly wounded.
Edmund hits you with a +2 flail of protection!
You hit Edmund.
Edmund looks as sick as possible!
You grab Edmund. You squeeze Edmund, but do no damage.
Edmund is lightly wounded.
You constrict Edmund, but do no damage.
Edmund gestures with his flail.
Edmund hits you with a +2 flail of protection!
You are too injured to fight recklessly!
You are too injured to fight recklessly!
You are too injured to fight recklessly!
You hit Edmund.
Edmund looks as sick as possible!
Edmund is moderately wounded.
You constrict Edmund.
Edmund hits you with a +2 flail of protection!
* * * LOW HITPOINT WARNING * * *
You barely miss Edmund.
Edmund is heavily wounded.
You constrict Edmund. Edmund barely misses you.
You hit Edmund but do no damage.
Edmund looks as sick as possible!
Edmund is heavily wounded.
You constrict Edmund.
Edmund hits you with a +2 flail of protection!
* * * LOW HITPOINT WARNING * * *
You release your grip on Edmund.
Edmund attacks as he pursues you!
Edmund hits you with a +2 flail of protection!
You die...
Edmund says, "That'll show my brother!"

######### #.#
#........ #.#
#>####### #.# #. #.
#.# #.######. #.#
#.†..O... ###.#
#.)######
####...####..# #.
#.h..........# #.
#@##.#.#####.# #.
#.##.#....##.#####.
###.##.##.........##.
#...##.##.#######.##.
#<####.##.......#.##>
#.. #....#####.#....
#.. ####.# #....
......####.# #.#.#


You could see Edmund (extremely poisoned).

Vanquished Creatures
  Sigmund (D:4)
  An orc warrior (D:3)
  An ogre (D:4)
  A howler monkey (D:4)
  An orc priest (D:4)
  2 orc wizards (D:4)
  Robin (D:3)
  5 adders
  5 ribbon worms
  5 orcs
  8 endoplasms
  2 giant cockroaches
  18 goblins
  6 hobgoblins
  A quokka (D:1)
  6 ball pythons
  9 bats
  5 frilled lizards
  7 kobolds
  7 rats
92 creatures vanquished.

Notes
Turn   | Place    | Note
-------+----------+-------------------------------------------
     0 | D:1      | mopl the Octopode Shapeshifter began the quest for the Orb.
     0 | D:1      | Reached XP level 1. HP: 13/13 MP: 1/1
   161 | D:1      | Reached XP level 2. HP: 18/18 MP: 2/2
   368 | D:1      | Found Soeckege's Book Emporium.
   588 | D:1      | Reached XP level 3. HP: 23/23 MP: 3/3
   905 | D:2      | Learned a level 2 spell: Blink
  1181 | D:2      | Reached XP level 4. HP: 17/29 MP: 4/4
  1740 | D:3      | Noticed Robin
  1757 | D:3      | Killed Robin
  1770 | D:3      | Reached XP level 5. HP: 20/34 MP: 5/5
  1775 | D:3      | Reached skill level 1 in Translocations
  1878 | D:3      | Reached skill level 4 in Unarmed Combat
  2252 | D:3      | Reached skill level 4 in Shapeshifting
  2497 | D:4      | Reached skill level 2 in Fighting
  2516 | D:4      | Noticed an orc warrior
  2633 | D:3      | Killed an orc warrior
  2634 | D:3      | Reached XP level 6. HP: 20/40 MP: 6/6
  2737 | D:4      | Reached skill level 3 in Dodging
  2909 | D:4      | Noticed Sigmund
  2916 | D:4      | Killed Sigmund
  2917 | D:4      | Reached skill level 5 in Unarmed Combat
  2917 | D:4      | Reached skill level 2 in Translocations
  2917 | D:4      | Reached XP level 7. HP: 29/45 MP: 7/7
  2924 | D:4      | Reached skill level 3 in Fighting
  3072 | D:4      | Noticed Edmund
  3084 | D:4      | Slain by Edmund

Illustrated notes

Levels and vault maps discovered:
D:1:      ncdulo_smallfort, layout_loops_ring, serial_shops, shop
D:2:      layout_loops_corners
D:3:      layout_basic, st_stairs_6, minmay_misc_feat_rugged, glass_columns_a,
          chequers_serial_rivers_small_a, kennysheep_nub, patterned_corridor,
          uniq_robin
D:4:      layout_loops_ring, serial_shops, nicolae_shop_rolled_up,
          dreamdust_princess_corridor, guppyfry_early_orc_mine, uniq_eustachio,
          uniq_crazy_yiuf_cottage, uniq_sigmund, uniq_edmund

Skill      XL: |  1  2  3  4  5  6  7 |
---------------+----------------------+-----
Translocations | 1 2 |  2.3
Unarmed Combat | 4 5 |  5.0
Shapeshifting  | 4 |  4.9
Fighting       | 2 3 |  3.0
Dodging        | 3 |  3.4

Action                     |  1- 3 |  4- 6 |  7- 9 || total
---------------------------+-------+-------+-------++-------
  Melee: Unarmed           |    79 |    94 |     6 ||   179
         Constrict         |    17 |    26 |     2 ||    45
         Tentacles         |    11 |    27 |     4 ||    42
         Punch             |     3 |     4 |       ||     7
         Dagger            |       |     6 |     5 ||    11
   Stab: Sleeping          |     7 |     4 |       ||    11
 Armour: Skin              |    24 |    48 |     8 ||    80
  Dodge: Dodged            |    46 |    45 |     3 ||    94
   Form: Statue            |       |     1 |       ||     1
         Beast             |       |     1 |       ||     1

Table legend: (Time is in decaauts)
 A = Elapsed time spent in this place.
 B = Non-inter-level travel time spent in this place.
 C = Inter-level travel time spent in this place.
 D = Time resting spent in this place.
 E = Time spent auto-exploring this place.
 F = Levels seen in this place.
 G = Mean time per level.
                   A        B        C        D        E       F      G
               +--------+--------+--------+--------+--------+-----+--------+
         Total |   3074 |   2993 |     81 |    568 |   1827 |   4 |  768.5 |
       Dungeon |   3074 |   2993 |     81 |    568 |   1827 |   4 |  768.5 |
               +--------+--------+--------+--------+--------+-----+--------+

Top non-repeatable levels by time:
     D:3: 1087 daAuts
     D:2: 973 daAuts
     D:1: 610 daAuts
     D:4: 403 daAuts
